Map: Hard Lead LE

Players

SubN - Winner!

  • Race: Zerg Zerg
  • League: Diamond
  • Spawn Location: 11:00

FreshJuice

  • Race: Protoss Protoss
  • League: Diamond
  • Spawn Location: 5:00

VOD

Have the link to the VOD?

Description

Time

  • Played on: Nov. 18, 2023, 11:07 a.m.
  • Length: 8:08
Show
View Real Time Build Order
Export as new Build Order

SubN Zerg - Winner!

Build Orders: Hatch First 

Get SALT Encoding   

  12  0:00  Drone  
  13  0:12  Overlord  
  13  0:16  Drone  
  14  0:30  Drone x2  
  16  0:49  Hatchery  
  15  0:55  Drone x2  
  17  0:59  Drone  
  17  1:02  Extractor  
  17  1:15  Spawning Pool  
  16  1:18  Drone  
  17  1:26  Drone  
  17  1:27  Drone  
  19  1:38  Drone  
  20  1:56  Overlord  
  20  2:03  Queen  
  20  2:04  Queen  
  20  2:06  Metabolic Boost  
  24  2:12  Drone  
  25  2:18  Zergling x6  
  28  2:31  Drone  
  28  2:32  Drone  
  30  2:37  Drone x2  
  30  2:39  Queen  
  34  2:46  Queen  
  36  2:59  Hatchery  
  36  3:03  Overlord  
  35  3:09  Overlord  
  35  3:18  Drone  
  36  3:47  Zergling x6  
  38  3:54  Drone x11  
  43  4:19  Queen  
  43  4:21  Drone x4  
  43  4:22  Drone  
  50  4:25  Extractor  
  50  4:26  Extractor  
  50  4:28  Drone x5  
  50  4:29  Drone x3, Extractor  
  55  4:40  Overlord x3  
  55  4:45  Overlord x2  
  55  4:58  Queen  
  59  5:01  Overlord  
  59  5:06  Lair  
  56  5:15  Queen  
  56  5:17  Drone  
  56  5:18  Drone  
  56  5:19  Drone x2  
  56  5:20  Drone  
  63  5:31  Drone, Roach Warren, Evolution Chamber  
  63  5:33  Queen  
  63  5:34  Evolution Chamber  
  63  5:38  Spore Crawler  
  62  5:47  Overlord  
  62  6:03  Drone  
  63  6:18  Glial Reconstitution  
  63  6:19  Spore Crawler  
  63  6:22  Roach x7  
  63  6:23  Roach x8  
  92  6:29  Roach x2  
  94  6:36  Overlord x2  
  89  6:44  Roach  
  89  6:45  Roach x4  
  87  6:57  Roach  
  87  6:58  Roach x3  
  87  7:16  Roach x5  
  93  7:32  Overlord  
  93  7:33  Overlord  
  82  7:46  Overlord x2  
  82  7:47  Overlord  
Show
View Real Time Build Order
Export as new Build Order

FreshJuice Protoss 

Build Orders:  

Get SALT Encoding   

  12  0:00  Probe  
  13  0:12  Probe  
  14  0:18  Pylon  
  14  0:24  Probe  
  15  0:37  Probe (Chrono Boost)  
  15  0:40  Gateway  
  16  0:49  Probe (Chrono Boost)  
  17  0:51  Assimilator  
  18  0:57  Probe (Chrono Boost)  
  18  1:03  Probe  
  19  1:15  Probe  
  20  1:28  Cybernetics Core, Probe  
  21  1:36  Pylon  
  21  1:40  Probe (Chrono Boost)  
  21  1:41  Assimilator  
  22  1:51  Probe (Chrono Boost)  
  23  1:56  Probe (Chrono Boost)  
  24  2:03  Nexus  
  24  2:07  Adept (Chrono Boost)  
  24  2:12  Warp Gate  
  26  2:18  Shield Battery  
  26  2:22  Probe  
  27  2:29  Adept  
  27  2:35  Probe  
  30  2:42  Stargate  
  30  2:48  Probe  
  31  3:10  Pylon  
  31  3:14  Adept  
  31  3:15  Probe (Chrono Boost)  
  31  3:16  Probe (Chrono Boost)  
  35  3:24  Probe x2 (Chrono Boost)  
  37  3:29  Probe (Chrono Boost)  
  37  3:30  Probe  
  39  3:41  Probe  
  44  3:44  Void Ray  
  44  3:46  Probe  
  45  3:49  Twilight Council  
  45  3:53  Probe  
  46  4:01  Probe  
  47  4:05  Probe  
  48  4:15  Charge (Chrono Boost)  
  48  4:27  Void Ray  
  48  4:32  Robotics Facility  
  48  4:37  Pylon x2  
  48  4:39  Pylon  
  48  4:43  Gateway  
  48  4:44  Gateway  
  48  4:47  Gateway  
  48  4:51  Gateway  
  48  4:56  Gateway  
  48  4:58  Gateway  
  48  5:00  Gateway  
  52  5:11  Void Ray  
  52  5:18  Warp Prism (Chrono Boost)  
  54  5:44  Warp Prism (Chrono Boost)  
  56  6:07  Zealot x4  
  56  6:08  Zealot x4  
  72  6:28  Zealot x3  
  78  6:37  Pylon  
  78  6:40  Pylon x2  
  76  6:50  Zealot  
  58  7:20  Zealot x7  
  58  7:21  Zealot  
  52  7:42  Zealot x5  
  52  7:43  Zealot x3  
  68  7:46  Assimilator  
  68  7:48  Assimilator  
Tags
 
Add a new tag
Caveats
  • Supply blocks, unpowered buildings, or Contaminate may cause inaccurate times.
  • Supply counts are checked every 10 seconds.